 Dungeon Crawl Stone Soup version 0.23-a0-402-g64599a1 (webtiles) character file.

79 George the Covered (level 4, -8/40 HPs)
             Began as a Minotaur Fighter on Nov 4, 2018.
             Splashed by Ijyb's acid (10 damage)
             ... on level 3 of the Dungeon.
             The game lasted 00:01:26 (1087 turns).

George the Covered (Minotaur Fighter)               Turns: 1087, Time: 00:01:28

Health: -8/40      AC:  9    Str: 22    XL:     4   Next: 16%
Magic:  3/3        EV:  6    Int:  5    God:
Gold:   101        SH:  9    Dex:  9    Spells: 3/3 levels left

rFire    . . .     SeeInvis .   a - +0 long sword
rCold    . . .     Gourm    .   c - +0 shield
rNeg     . . .     Faith    .   n - +0 chain mail
rPois    +         Spirit   .   (helmet restricted)
rElec    .         Reflect  .   (no cloak)
rCorr    .         Harm     .   (no gloves)
MR       .....                  (no boots)
Stlth    ..........             (no amulet)
HPRegen  0.13/turn              m - ring of poison resistance
MPRegen  0.08/turn              (no ring)

@: no status effects
A: retaliatory headbutt, horns 2
a: no special abilities


You were on level 3 of the Dungeon.
You were not hungry.

You visited 1 branch of the dungeon, and saw 3 of its levels.

You collected 101 gold pieces.

Inventory:

Hand Weapons
 a - a +0 long sword (weapon)
 r - a +1 short sword of venom
Armour
 c - a +0 shield (worn)
 n - a +0 chain mail (worn)
Jewellery
 m - a ring of poison resistance (left hand)
Wands
 o - a wand of paralysis (4)
Scrolls
 b - a scroll of amnesia {unknown}
 e - 2 scrolls of identify {unknown}
 j - a scroll of teleportation {unknown}
 k - a scroll of enchant armour {unknown}
 l - 2 scrolls of remove curse {unknown}
 s - a scroll of enchant weapon {unknown}
Potions
 d - 2 potions of might
 g - 2 potions of mutation {unknown}
 h - a potion of curing {unknown}
 i - 3 potions of heal wounds {unknown}
 p - a potion of flight {unknown}
 q - a potion of magic {unknown}
 t - a potion of brilliance {unknown}
Comestibles
 f - 3 rations
 u - 3 chunks of flesh


   Skills:
 + Level 4.2 Fighting
 + Level 3.2 Long Blades
 + Level 4.2 Armour
 + Level 1.5 Dodging
 + Level 4.2 Shields


You had 3 spell levels left.
You didn't know any spells.
Your spell library contained the following spells:

 Spells                   Type           Power        Failure   Level  Hunger
 Beastly Appendage        Tmut           #.....       100%        1    ##.....
 Sticks to Snakes         Tmut           #.......     100%        2    ###....
 Spider Form              Tmut/Pois      #.........   100%        3    ####...
 Ice Form                 Ice/Tmut       #.......     100%        4    #####..
 Blade Hands              Tmut           #.........   100%        5    ######.


Dungeon Overview and Level Annotations

Branches:
Dungeon (3/15)

Altars:

Annotations:
D:3 Ijyb


Innate Abilities, Weirdness & Mutations

You reflexively headbutt those who attack you in melee.
You have a pair of horns on your head.


Message History

You miss Ijyb. Your headbutt misses Ijyb.
Ijyb is moderately wounded.
Ijyb zaps a wand.
The bolt of acid hits you!
You are splashed with acid!
The acid burns!
* * * LOW HITPOINT WARNING * * *
You are too injured to fight recklessly!
You are too injured to fight recklessly!
You are too injured to fight recklessly!
You are too injured to fight recklessly!
You are too injured to fight recklessly!
You are too injured to fight recklessly!
You hit Ijyb. Your headbutt misses Ijyb.
Ijyb is heavily wounded.
You block Ijyb's attack.
You slash Ijyb!
Ijyb is almost dead.
Ijyb zaps a wand.
The bolt of acid hits you!
* * * LOW HITPOINT WARNING * * *
You are splashed with acid!
The acid burns!
You die...

### #.. #
#.########.###
#.#........... #
#.#.#.......# #..
#†#.#.#####.##
#....#@#.#.#####..#
......g.........#..#
##....#.#...###....##
#....#.########....#
.....
#...........#.##
##.#.
###########÷#..# #.#
.........#.# #
#######..#.# #..#.###


You could see Ijyb.

Vanquished Creatures
  A jelly (D:3)
  2 adders (D:2)
  2 worms (D:2)
  A leopard gecko (D:3)
  An orc (D:3)
  2 goblins
  5 hobgoblins
  3 kobolds
  A quokka (D:2)
  2 bats
  A frilled lizard (D:2)
  3 rats
24 creatures vanquished.

Notes
Turn   | Place    | Note
-------+----------+-------------------------------------------
     0 | D:1      | George the Minotaur Fighter began the quest for the Orb.
     0 | D:1      | Reached XP level 1. HP: 19/19 MP: 0/0
   472 | D:2      | Reached XP level 2. HP: 21/27 MP: 1/1
   542 | D:2      | Reached skill level 1 in Dodging
   689 | D:2      | Reached XP level 3. HP: 25/33 MP: 2/2
   928 | D:3      | Reached XP level 4. HP: 29/40 MP: 3/3
  1078 | D:3      | Noticed Ijyb
  1087 | D:3      | HP: 2/40 [Ijyb/wand of acid (4) (9)]
  1087 | D:3      | Splashed by Ijyb's acid

Vault maps used:
D:1:      dpeg_arrival_round_c
D:2:      minmay_pentomino_s2
D:3:      uniq_ijyb, uniq_natasha

Skill      XL: |  1  2  3 |
---------------+----------+-----
Armour         | 4 |  4.2
Dodging        | 1 |  1.5
Shields        | 4 |  4.2
Fighting       | 4 |  4.2
Long Blades    | 3 |  3.2

Action                   |  1- 3 |  4- 6 || total
-------------------------+-------+-------++-------
Melee: Long sword        |    51 |    14 ||    65
       Headbutt          |     6 |     1 ||     7
  Eat: Chunk             |       |     1 ||     1
Armor: Scale mail        |    12 |       ||    12
       Chain mail        |    15 |     3 ||    18
Dodge: Dodged            |    12 |     1 ||    13
Block: Shield            |    27 |     7 ||    34

Table legend:
 A = Non-vault XP
 B = Vault XP
 C = Vault XP percentage of total XP
 D = Non-vault monster count
 E = Vault monster count
 F = Vault count percentage of total count
                 A         B        C        D         E       F
            +---------+---------+-------+---------+---------+-------
      Total |     108 |       5 |   4.4 |      23 |       1 |   4.2
            +---------+---------+-------+---------+---------+-------
        D:1 |       6 |       0 |   0.0 |       4 |       0 |   0.0
        D:2 |      46 |       5 |   9.8 |      12 |       1 |   7.7
        D:3 |      56 |       0 |   0.0 |       7 |       0 |   0.0
            +---------+---------+-------+---------+---------+-------
